 Dungeon Crawl Stone Soup version 0.27-a0-1332-g84bddb5ca7 (webtiles) character file.

Game seed: 13134133583860196940

5 Sobieck the Chopper (level 1, 0/20 HPs)
             Began as a Hill Orc Monk on June 25, 2021.
             Killed from afar by a dart slug (2 damage)
             ... with a slug dart
             ... on level 1 of the Dungeon.
             The game lasted 00:00:36 (53 turns).

Sobieck the Chopper (Hill Orc Monk)                   Turns: 53, Time: 00:00:37

Health: 0/20       AC:  2    Str: 13    XL:     1   Next: 80%
Magic:  1/1        EV: 12    Int: 10    God:
Gold:   0          SH:  0    Dex: 13    Spells: 0/0 levels left

rFire    . . .     SeeInvis .   a - +0 hand axe {axe}
rCold    . . .     Faith    .   (no shield)
rNeg     . . .     Spirit   .   b - +0 robe
rPois    .         Reflect  .   (no helmet)
rElec    .         Harm     .   (no cloak)
rCorr    .         Rampage  .   (no gloves)
Will     .....                  (no boots)
Stlth    ++........             (no amulet)
HPRegen  0.06/turn              (no ring)
MPRegen  0.07/turn              (no ring)

@: no status effects
A: no striking features
a: no special abilities


You were on level 1 of the Dungeon.
You visited 1 branch of the dungeon, and saw 1 of its levels.


   Skills:
 + Level 3.7 Fighting
 * Level 4.2 Axes
 + Level 0.4 Armour
 - Level 2.4 Dodging
 - Level 1.5 Stealth


You couldn't memorise any spells.
You didn't know any spells.
Your spell library was empty.

Inventory:

Hand Weapons
 a - a +0 hand axe (weapon) {axe}
Armour
 b - a +0 robe (worn)

Dungeon Overview and Level Annotations

Branches:
Dungeon (1/15)

Altars:

#.≈§≈≈.##..
#......##..
###''### .. #..#
##.## #''# ...## #
#..# #..## .# ##.#
#...# ..#
#.######.#.##.=.#
#......@w#h.....#.
########..........#
###.#.#.....#
#†$...#.....#
#..#....###g..
....###.#.[# ..
.!..## #...!.. .
### ...#.##. #.#.#


You could see a dart slug.


Message History

🤖 Initializing magus.rc ...
Options error: Delay interrupt name "hungry" not recognised. (~/.crawlrc:4781) ✅ Successfully initialized magus.rc [v1.9.6] Welcome, Sobieck the Hill Orc Monk.
Will you be the one to retrieve the fabled Orb of Zot from the depths?
Press ? for a list of commands and other information.
Found a staircase leading out of the dungeon.
Unknown command.
As you open the large door, it creaks loudly!
There is a large open door here.
You open the large door.
There is a large open door here.
You open the large door.
There is a large open door here.
A ball python and a jackal come into view.
You see here 12 gold pieces.
You hit the ball python but do no damage.
The ball python misses you. The ball python closely misses you.
You hit the ball python but do no damage.
The ball python bites you but does no damage.
The ball python closely misses you.
You closely miss the ball python. The ball python closely misses you. x2
You hit the ball python.
You kill the ball python! 😎 HP[+1]
You now have 20 max hp (+1).
Your hp is fully restored (20).
The jackal barks!
A dart slug comes into view.
You barely miss the jackal.
A jackal comes into view.
The jackal misses you.
The jackal barks!
You hit the jackal.
You hear a shout!
The jackal bites you but does no damage.
The jackal bites you. The jackal closely misses you. 😕 HP[-2]
You take 2 damage, and now have 18/20 hp.
You barely miss the jackal. You hit the jackal but do no damage.
The jackal barely misses you.
A hobgoblin comes into view.
The jackal bites you. 😕 HP[-2]
You take 2 damage, and now have 16/20 hp.
Unknown command.
The jackal bites you. 😮 HP[-2]
You take 2 damage, and now have 14/20 hp.
The jackal bites you. 😮 HP[-1]
You take 1 damage, and now have 13/20 hp.
You are too injured to fight recklessly!
You are too injured to fight recklessly!
You barely miss the jackal. The jackal barely misses you.
The jackal bites you but does no damage.
You completely miss the jackal. The jackal misses you.
You barely miss the jackal. The jackal misses you.
The jackal bites you. 😮 HP[-2]
You take 2 damage, and now have 11/20 hp.
You hit the jackal but do no damage. The jackal bites you.
* * * LOW HITPOINT WARNING * * *
😨 HP[-2]
You take 2 damage, and now have 9/20 hp.
You hit the jackal.
You kill the jackal!
The jackal misses you.
You hit the jackal.
You kill the jackal!
The dart slug launches a dart at you. The slug dart hits you.
* * * LOW HITPOINT WARNING * * *
😱 HP[-5]
You take 5 damage, and now have 4/20 hp.
MASSIVE DAMAGE!! (PAUSE)
You hit the hobgoblin. The hobgoblin hits you.
* * * LOW HITPOINT WARNING * * *
😱 HP[-2]
You take 2 damage, and now have 2/20 hp.
You hit the hobgoblin.
You kill the hobgoblin!
Unknown command.
The dart slug launches a dart at you. The slug dart hits you.
You die...

Action                   || total
-------------------------++-------
Melee: Hand axe          ||    15
Armor: Robe              ||     3
Dodge: Dodged            ||    12

Levels and vault maps discovered:
D:1:      lightli_arrival_lavapool, layout_rooms

Notes
Turn   | Place    | Note
-------+----------+-------------------------------------------
     0 | D:1      | Sobieck the Hill Orc Monk began the quest for the Orb.
     0 | D:1      | Reached XP level 1. HP: 19/19 MP: 1/1
     0 | D:1      | magus.rc [v1.9.6]
    50 | D:1      | HP: 4/20 [dart slug/slug dart (5)]
    53 | D:1      | Killed from afar by a dart slug

Vanquished Creatures
  A ball python (D:1)
  A hobgoblin (D:1)
  2 jackals (D:1)
4 creatures vanquished.

Table legend:
 A = Non-vault XP
 B = Vault XP
 C = Vault XP percentage of total XP
 D = Non-vault monster count
 E = Vault monster count
 F = Vault count percentage of total count
                 A         B        C        D         E       F
            +---------+---------+-------+---------+---------+-------
      Total |       8 |       0 |   0.0 |       4 |       0 |   0.0
            +---------+---------+-------+---------+---------+-------
        D:1 |       8 |       0 |   0.0 |       4 |       0 |   0.0
            +---------+---------+-------+---------+---------+-------

Illustrated notes

Table legend:
 A = Kills in this place as a percentage of kills in entire the game.
 B = Kills by you in this place as a percentage of kills by you in the entire game.
 C = Kills by friends in this place as a percentage of kills by friends in the entire game.
 D = Other kills in this place as a percentage of other kills in the entire game.
 E = Experience gained in this place as a percentage of experience gained in the entire game.
 F = Experience gained in this place divided by the number of levels of this place that you have seen.
                   A       B       C       D       E      F
               +-------+-------+-------+-------+-------+----------------------
         Total | 100.0 | 100.0 |   N/A |   N/A | 100.0 |   8.0
       Dungeon | 100.0 | 100.0 |   N/A |   N/A | 100.0 |   8.0
               +-------+-------+-------+-------+-------+----------------------

Table legend: (Time is in decaauts)
 A = Elapsed time spent in this place.
 B = Non-inter-level travel time spent in this place.
 C = Inter-level travel time spent in this place.
 D = Time resting spent in this place.
 E = Time spent auto-exploring this place.
 F = Levels seen in this place.
 G = Mean time per level.
                   A        B        C        D        E       F      G
               +--------+--------+--------+--------+--------+-----+--------+
         Total |     54 |     54 |      0 |      0 |     28 |   1 |   54.0 |
       Dungeon |     54 |     54 |      0 |      0 |     28 |   1 |   54.0 |
               +--------+--------+--------+--------+--------+-----+--------+

Top non-repeatable levels by time:
     D:1: 54 daAuts
